 Dungeon Sprint DCSS version 0.20.1-1-g8b1a95d (webtiles) character file.

0 equalderp2856 the Ducker (level 1, -7/10 HPs)
             Began as a Felid Monk on Aug 11, 2017.
             Was a Priest of Elyvilon.
             Mangled by a gnoll
             ... wielding a +0 spear
              (11 damage)
             ... in the Dungeon (Sprint VII: "The Pits").
             The game lasted 00:02:40 (647 turns).

equalderp2856 the Ducker (Felid Monk)                Turns: 647, Time: 00:02:40

Health: -7/10      AC:  1    Str:  7    XL:     1   Next: 0%
Magic:  0/2        EV: 19    Int: 11    God:    Elyvilon [***...]
Gold:   0          SH:  0    Dex: 18    Spells: 0/0 levels left
                                        Lives:  0   Deaths: 0

rFire    . . .     SeeInvis +     - Unarmed
rCold    . . .     Gourm    .   (shield unavailable)
rNeg     . . .     Faith    .   (armour unavailable)
rPois    .         Spirit   .   (helmet unavailable)
rElec    .         Reflect  .   (cloak unavailable)
rCorr    .         Harm     .   (gloves unavailable)
MR       .....     NoTele   +   (boots unavailable)
Stlth    +++.......             (no amulet)
Regen    0.1/turn               (no ring)
MPRegen  0.1/turn               (no ring)

@: quick
A: no armour, no weapons or thrown items, stealth, claws 1, fangs 3, see
invisible, carnivore 3, speed 1, shaggy fur 1, slow metabolism 1, sharp paws
a: Lesser Healing, Heal Other, Purification, Divine Protection, Renounce
Religion


You were in the Dungeon.
You worshipped Elyvilon.
Elyvilon was most pleased with you.
You were not hungry.

You visited 1 branch

Inventory:

Scrolls
 g - a scroll of blinking
 i - 3 scrolls of remove curse
 j - 5 scrolls of amnesia
 k - a scroll of summoning
Potions
 b - a potion of curing
 c - a potion of heal wounds
 d - a potion of haste
 e - 4 potions of magic
 f - 3 potions of berserk rage
 h - a potion of invisibility
Comestibles
 a - 8 meat rations


   Skills:
 + Level 3.0 Fighting
 + Level 4.0 Dodging
 + Level 2.6 Stealth
 + Level 3.0 Unarmed Combat


You couldn't memorise any spells.
You didn't know any spells.

Dungeon Overview and Level Annotations

Branches:
Dungeon (1/1)

Altars:
Ashenzari
Cheibriados
Dithmenos
Elyvilon
Fedhas
Gozag
Hepliaklqana
Kikubaaqudgha
Makhleb
Nemelex Xobeh
Okawaru
Qazlal
Ru
Sif Muna
Trog
Uskayaw
Vehumet
Xom
Yredelemnul
Zin
The Shining One
Beogh
Jiyva
Lugonu


Innate Abilities, Weirdness & Mutations

You cannot wear armour.
You are incapable of wielding weapons or throwing items.
Your paws allow you to move quietly. (Stealth)
You have sharp claws.
You have razor-sharp teeth.
You have supernaturally acute eyesight. (SInv)
You are carnivorous and can eat meat at any time.
You cover ground quickly.
You are covered in fur. (AC +1)
You have a slow metabolism.
Your sharp claws are effective at attacking unaware monsters.


Message History

An anaconda and a merfolk javelineer come into view.
The merfolk javelineer is wielding a spear of piercing.
The merfolk javelineer shouts!
Found 6 royal jellies.
Unknown command.
Press: ? - help, Dir - move target cursor, f - anaconda, p - gnoll Heal: an anaconda The anaconda is completely unfazed by your meager offer of peace.
You feel quite a bit more hungry. The gnoll hits you.
The anaconda completely misses you. The anaconda bites you.
Something unseen opens the door.
The gnoll hits you. The gnoll barely misses you.
The anaconda barely misses you. The anaconda closely misses you.
Unknown command.
The anaconda completely misses you. The anaconda misses you.
The gnoll misses you.
The merfolk javelineer completely misses you.
The gnoll hits you from afar with a spear!
Ouch! That really hurt!
You die...

################..#....#..#
g.............''..........#
.g............''..........#
###+########..##..#....#..#
#..##..........+
#..##..........+
#..####''####++#
#..####g'### #..##@Sg...#
############..##g#m##.#
g.............##.# g+J#
.g............##.m #.#
###''###########.# +.#
###''###### #J+ #.#
..........# #.##+#.#
#..#......# #......#
g.........+ ########


You could see a merfolk javelineer, an anaconda, a merfolk, a gnoll shaman, 3
gnolls and an ooze.

Vanquished Creatures (others)
  A large abomination (D)
  An eye of draining (D)
2 creatures vanquished.

Notes
Turn   | Place    | Note
-------+----------+-------------------------------------------
     0 | D        | equalderp2856 the Felid Monk began the quest for the Orb.
     0 | D        | Reached XP level 1. HP: 10/10 MP: 2/2
    18 | D        | Found a bloodstained altar of Trog.
    18 | D        | Found a deep blue altar of Sif Muna.
    18 | D        | Found a viscous altar of Jiyva.
    18 | D        | Found a hazy altar of Hepliaklqana.
    18 | D        | Found an opulent altar of Gozag.
    19 | D        | Found a glowing golden altar of the Shining One.
    19 | D        | Found a glowing silver altar of Zin.
    19 | D        | Found a basalt altar of Yredelemnul.
    19 | D        | Found a shimmering altar of Xom.
    19 | D        | Found a sacrificial altar of Ru.
    19 | D        | Found a stormy altar of Qazlal.
    19 | D        | Found an iron altar of Okawaru.
    19 | D        | Found a sparkling altar of Nemelex Xobeh.
    19 | D        | Found a burning altar of Makhleb.
    19 | D        | Found a blossoming altar of Fedhas.
    19 | D        | Found a white marble altar of Elyvilon.
    19 | D        | Found a shadowy altar of Dithmenos.
    19 | D        | Found a snail-covered altar of Cheibriados.
    20 | D        | Found a radiant altar of Vehumet.
    20 | D        | Found a corrupted altar of Lugonu.
    20 | D        | Found a roughly hewn altar of Beogh.
    21 | D        | Found an ancient bone altar of Kikubaaqudgha.
    21 | D        | Found a hide-covered altar of Uskayaw.
    21 | D        | Found a shattered altar of Ashenzari.
    25 | D        | Became a worshipper of Elyvilon the Healer
    25 | D        | Reached * piety under Elyvilon
    25 | D        | Reached ** piety under Elyvilon
    87 | D        | Killed an eye of draining
   183 | D        | Reached *** piety under Elyvilon
   247 | D        | Noticed a phantom
   248 | D        | Noticed a gnoll shaman
   289 | D        | Elyvilon protects you from harm!
   567 | D        | Noticed a big kobold
   641 | D        | Killed a large abomination
   645 | D        | Noticed an anaconda
   645 | D        | Noticed a merfolk javelineer
   647 | D        | Mangled by a gnoll

Action                   || total
-------------------------++-------
Melee: Unarmed           ||     1
Invok: Heal Other        ||     5
  Use: Potion            ||     1
Dodge: Dodged            ||    24
